 Dungeon Crawl Stone Soup version 0.29.1-1-gd02db6906a (webtiles) character file.

Game seed: 2463422699953103217

954 xian the Wallflower (level 7, -1/50 HPs)
             Began as a Demonspawn Transmuter on Oct 17, 2022.
             Was a Believer of Uskayaw.
             Slain by an ufetubus (3 damage)
             ... on level 4 of the Dungeon.
             The game lasted 00:17:54 (5162 turns).

xian the Wallflower (Demonspawn Transmuter)         Turns: 5162, Time: 00:17:55

Health: -1/50      AC:  7    Str: 10    XL:     7   Next: 91%
Magic:  11/13      EV: 12    Int: 16    God:    Uskayaw [**....]
Gold:   146        SH:  4    Dex: 14    Spells: 11/14 levels left

rFire   . . .      SeeInvis .   f - +0 short sword (elec)
rCold   . . .      Faith    .   (no shield)
rNeg    . . .      Spirit   .   m - +0 leather armour
rPois   .          Reflect  .   (helmet currently unavailable)
rElec   .          Harm     .   (no cloak)
rCorr   .          Rampage  .   (no gloves)
Will    .....                   (boots currently unavailable)
Stlth   ++........              (no amulet)
HPRegen 0.16/turn               (no ring)
MPRegen 0.13/turn               (no ring)

@: appendages, wereblooded
A: horns 2, talons 2, icemail 1, condensation shield, weakness stinger 2
a: End Transformation, Renounce Religion, Stomp, Line Pass


You were on level 4 of the Dungeon.
You worshipped Uskayaw.
Uskayaw was noncommittal.
You had temporarily grown beastly horns and talons.
You visited 1 branch of the dungeon, and saw 5 of its levels.

You collected 146 gold pieces.

Inventory:

Hand Weapons
 f - a +0 short sword of electrocution (weapon)
Missiles
 g - 11 poisoned darts (quivered)
Armour
 m - a +0 leather armour (worn)
Magical Staves
 j - a staff of death
Scrolls
 c - a scroll of magic mapping {unknown}
 h - a scroll of fear {unknown}
 k - 2 scrolls of amnesia {unknown}
 n - 2 scrolls of identify {unknown}
 o - 2 scrolls of poison {unknown}
 s - a scroll of blinking {unknown}
 t - 2 scrolls of teleportation {unknown}
 u - 2 scrolls of immolation {unknown}
 v - a scroll of vulnerability {unknown}
Potions
 a - 3 potions of heal wounds {unknown}
 b - 2 potions of lignification
 d - a potion of magic {unknown}
 e - 5 potions of might
 i - a potion of curing {unknown}
 l - a potion of haste {unknown}
 p - 2 potions of mutation {unknown}
 q - a potion of degeneration {unknown}
 r - a potion of resistance {unknown}


   Skills:
 + Level 2.0 Fighting
 + Level 1.8 Short Blades
 + Level 0.6 Throwing
 + Level 2.7 Armour
 + Level 2.9 Dodging
 + Level 1.8 Stealth
 + Level 1.2 Shields
 + Level 3.0 Unarmed Combat
 + Level 4.0 Spellcasting
 + Level 3.1 Transmutations
 * Level 5.3 Invocations


You had 11 spell levels left.
You knew the following spells:

 Your Spells              Type           Power      Damage    Failure   Level
a - Beastly Appendage     Tmut           26%        N/A       6%          1
b - Wereblood             Tmut           13%        N/A       9%          2

Your spell library contained the following spells:

 Spells                   Type           Power      Damage    Failure   Level
 Passwall                 Tmut/Erth      6%         N/A       17%         2
 Ensorcelled Hibernation  Hex/Ice        6%         N/A       32%         2
 Poisonous Vapours        Pois/Air       6%         N/A       32%         2
 Spider Form              Tmut/Pois      8%         N/A       34%         3
 Gell's Gravitas          Tloc           3%         N/A       54%         3
 Swiftness                Air            3%         N/A       54%         3
 Teleport Other           Tloc           3%         N/A       54%         3
 Ice Form                 Ice/Tmut       8%         N/A       75%         4
 Anguish                  Hex/Necr       1%         N/A       91%         4
 Corpse Rot               Necr/Pois/Air  3%         N/A       91%         4
 Dispersal                Tloc           1%         N/A       100%        6


Dungeon Overview and Level Annotations

Branches:
Dungeon (5/15)
 Temple: D:4-7

Altars:
Gozag
Nemelex Xobeh
Trog
Uskayaw

Shops:
D:1 (

Annotations:
D:4 3 runed translucent doors, Spacebear9's ghost, amateur TrFi


Innate Abilities, Weirdness & Mutations

You have temporarily grown beastly horns and talons.
A meltable icy envelope protects you from harm. (AC +4)
A meltable shield of frost defends you. (SH +4)
You have a tail ending in a sharp stinger.


Message History

Level annotation: 3 runed translucent doors, Spacebear9's ghost, amateur TrFi
There is a stone staircase leading down here.
You hit the scorpion but do no damage.
You claw the scorpion, but do no damage.
The ufetubus closely misses you. x2
The scorpion stings you but does no damage.
The ufetubus hits you.
* * * LOW HITPOINT WARNING * * *
The ufetubus hits you but does no damage.
You barely miss the scorpion. You tail-slap the scorpion.
The scorpion is lightly wounded.
The scorpion barely misses you.
The ufetubus hits you but does no damage.
The ufetubus hits you.
* * * LOW HITPOINT WARNING * * *
Unknown command.
You closely miss the scorpion. Your kick misses the scorpion.
The scorpion is lightly wounded.
You block the scorpion's attack. The ufetubus completely misses you.
You block the ufetubus's attack.
The scorpion stings you but does no damage.
The ufetubus closely misses you.
The ufetubus hits you but does no damage.
You hit the scorpion but do no damage. You headbutt the scorpion.
The scorpion is heavily wounded.
The ufetubus hits you but does no damage.
The ufetubus hits you.
* * * LOW HITPOINT WARNING * * *
The scorpion stings you but does no damage.
You can now pass through a line of other dancers.
You hit the scorpion but do no damage.
You claw the scorpion, but do no damage.
The scorpion is heavily wounded.
The ufetubus hits you.
* * * LOW HITPOINT WARNING * * *
You block the ufetubus's attack. The scorpion stings you.
* * * LOW HITPOINT WARNING * * *
The ufetubus hits you but does no damage.
The ufetubus hits you.
You die...

########### ##########
#.........##############.........
#.#######.......................#
#.# #################.#####.# #.#
#..............# #.# #.#
#.########.##### #.# #.## #.# #.#
##.# #..# ##.########.### #...
##.# #...J5@s......# ##.# #.#
#..########.#.### #.# #.#
#...............# #.# #.#
#..########.###.#####.# #.#
###..###### #.###.......# #.#
#.........###...#.####... #.#
###.#..#........#...# ##.#
#.####..........####...#.####...
#.#....###.##...## ##..#.......)


You could see a scorpion, a jelly and an ufetubus.

Vanquished Creatures
  Pikel (D:4)
  Menkaure (D:4)
  2 lemures (D:4)
  A scorpion (D:4)
  2 hounds
  A jelly (D:4)
  Natasha (twice) (D:3)
  3 adders
  A white imp (D:5)
  A worm (D:2)
  3 dart slugs
  3 orcs
  7 ball pythons
  5 endoplasms
  2 giant cockroaches (D:1)
  4 goblins
  2 hobgoblins (D:2)
  5 jackals
  2 quokkas (D:1)
  6 bats
  4 frilled lizards
  5 kobolds
  5 rats
68 creatures vanquished.

Vanquished Creatures (others)
  An ogre (D:4)
  A demonic plant (D:5)
2 creatures vanquished.

Grand Total: 70 creatures vanquished

Notes
Turn   | Place    | Note
-------+----------+-------------------------------------------
     0 | D:1      | xian the Demonspawn Transmuter began the quest for the Orb.
     0 | D:1      | Reached XP level 1. HP: 15/15 MP: 3/3
   344 | D:1      | Gained mutation: A meltable shield of frost defends you.
                  | (SH +4) [demonic ancestry]
   344 | D:1      | Reached XP level 2. HP: 21/21 MP: 5/5
   347 | D:1      | Learned a level 2 spell: Wereblood
   363 | D:1      | Found a faded altar of an unknown god.
   383 | D:1      | Prayed at the altar of an unknown god.
   383 | D:1      | Became a worshipper of Uskayaw the Reveller
   383 | D:1      | Reached * piety under Uskayaw
   424 | D:1      | Found Vextumin's Antique Weapon Boutique.
   431 | D:1      | Reached ** piety under Uskayaw
  1429 | D:2      | Gained mutation: You have a small tail. [demonic ancestry]
  1429 | D:2      | Reached XP level 3. HP: 24/26 MP: 6/6
  1562 | D:2      | Reached skill level 1 in Invocations
  2651 | D:3      | Reached XP level 4. HP: 32/32 MP: 3/7
  2717 | D:3      | Found a sparkling altar of Nemelex Xobeh.
  2815 | D:3      | Reached skill level 1 in Armour
  2917 | D:3      | Reached skill level 2 in Invocations
  3190 | D:3      | Found a bloodstained altar of Trog.
  3226 | D:3      | Noticed Natasha
  3232 | D:3      | Killed Natasha
  3319 | D:3      | Gained mutation: A meltable icy envelope protects you from
                  | harm. (AC +4) [demonic ancestry]
  3319 | D:3      | Reached XP level 5. HP: 37/37 MP: 6/8
  3334 | D:3      | Noticed Natasha
  3341 | D:3      | Killed Natasha
  3342 | D:3      | Reached skill level 3 in Invocations
  3558 | D:4      | Found a runed translucent gate.
  3558 | D:4      | Found a runed translucent gate.
  3563 | D:4      | Found a runed translucent gate.
  3563 | D:4      | Found an opulent altar of Gozag.
  3571 | D:4      | Noticed Spacebear9's ghost (amateur TrFi)
  3577 | D:4      | Noticed Menkaure
  3584 | D:4      | Killed Menkaure
  3585 | D:4      | Reached skill level 1 in Short Blades
  3585 | D:4      | Gained mutation: You have a tail ending in a sharp stinger.
                  | [demonic ancestry]
  3585 | D:4      | Reached XP level 6. HP: 24/43 MP: 5/10
  3763 | D:4      | Noticed Pikel
  3794 | D:4      | Reached *** piety under Uskayaw
  3801 | D:4      | Reached **** piety under Uskayaw
  3802 | D:4      | Killed Pikel
  3803 | D:4      | Reached skill level 1 in Stealth
  3803 | D:4      | Reached skill level 1 in Shields
  3803 | D:4      | Reached skill level 4 in Invocations
  3803 | D:4      | Reached XP level 7. HP: 8/49 MP: 8/12
  3807 | D:4      | Reached ***** piety under Uskayaw
  3808 | D:4      | Reached skill level 5 in Invocations
  5149 | D:5      | Entered Level 5 of the Dungeon
  5162 | D:4      | HP: 2/50 [scorpion (1)]
  5162 | D:4      | Slain by an ufetubus

Illustrated notes

Levels and vault maps discovered:
D:1:      psy_arrival_radial02, layout_rooms, serial_shops,
          nicolae_shop_temple_entry_statues_fountains,
          hellmonk_ecumenical_altar_pennies_from_heaven
D:2:      layout_basic, minmay_misc_feat_iff, nicolae_hexahallways,
          chequers_serial_rivers_small_a
D:3:      layout_rooms, old_standard_altar, nemelex_altar_shiori,
          patterned_corridor, uniq_natasha
D:4:      layout_loops_ring, ebering_ghost_gozag, uniq_pikel, uniq_menkaure
D:5:      layout_rooms, mainiacjoe_overflow_alcove_2, grunt_qazlal_clouds,
          grunt_gozag_breadcrumbs, serial_demonic, serial_demonic_d,
          serial_demonic_a, serial_demonic_g, serial_demonic_b,
          serial_demonic_e, serial_demonic_d, serial_demonic_g, serial_demonic_g

Skill      XL: |  1  2  3  4  5  6  7 |
---------------+----------------------+-----
Dodging        | 2 |  2.9
Transmutations | 2 3 |  3.1
Unarmed Combat | 3 |  3.0
Invocations    | 1 2 3 4 5 |  5.3
Armour         | 1 2 |  2.7
Short Blades   | 1 |  1.8
Spellcasting   | 3 4 |  4.0
Stealth        | 1 |  1.8
Shields        | 1 |  1.2
Fighting       | 2 |  2.0
Throwing       | |  0.6

Action                   |  1- 3 |  4- 6 |  7- 9 || total
-------------------------+-------+-------+-------++-------
Melee: Unarmed           |    32 |       |       ||    32
       Kick              |    15 |    17 |     6 ||    38
       Headbutt          |     7 |    10 |     2 ||    19
       Short sword       |    87 |    63 |    26 ||   176
       Tailslap          |       |     6 |     4 ||    10
       Punch             |       |     3 |       ||     3
Throw: Dart              |     7 |     2 |     8 ||    17
 Cast: Beastly Appendage |    14 |    12 |     2 ||    28
       Wereblood         |     1 |     1 |     1 ||     3
Invok: Stomp             |       |       |     1 ||     1
  Use: Potion            |       |     1 |       ||     1
 Stab: Paralysed         |       |     2 |       ||     2
Armor: Robe              |    20 |       |       ||    20
       Leather armour    |    14 |     7 |    21 ||    42
Dodge: Dodged            |    97 |    34 |    27 ||   158
Block: Other             |    19 |    10 |    10 ||    39
